Map: Automaton LE

Players

Cham

  • Race: Zerg Zerg
  • League: Master
  • Spawn Location: 9:00

MaSa - Winner!

  • Race: Terran Terran
  • League: Master
  • Spawn Location: 3:00

Event: 2019 WCS Winter Americas

VOD

Have the link to the VOD?

Description

Time

  • Played on: March 24, 2019, 1:04 p.m.
  • Length: 14:42

All games in this series

Show
View Real Time Build Order
Export as new Build Order

Cham Zerg 

Build Orders: Pool First 

Get SALT Encoding   

  12  0:01  Drone  
  13  0:10  Drone  
  14  0:18  Overlord  
  14  0:36  Drone x2  
  14  0:41  Spawning Pool  
  15  0:45  Drone  
  15  0:49  Drone  
  17  0:58  Drone  
  18  1:14  Hatchery  
  17  1:21  Extractor  
  16  1:29  Zergling x4  
  16  1:30  Zergling x2  
  19  1:34  Queen  
  21  1:43  Overlord  
  21  1:53  Drone  
  22  2:03  Drone  
  23  2:09  Queen  
  25  2:17  Drone  
  25  2:22  Metabolic Boost  
  26  2:30  Drone x2  
  28  2:40  Drone  
  28  2:45  Drone x3  
  28  2:46  Drone  
  28  2:48  Drone  
  32  2:58  Zergling x4  
  34  3:04  Overlord  
  34  3:09  Zergling x2  
  34  3:15  Hatchery, Drone  
  34  3:21  Drone  
  34  3:23  Overlord  
  34  3:24  Drone  
  34  3:25  Drone x2  
  38  3:29  Drone x2  
  40  3:35  Queen  
  42  3:42  Queen  
  42  3:46  Overlord  
  44  3:50  Drone x2  
  44  3:55  Drone x3  
  49  4:02  Drone  
  50  4:03  Overlord  
  50  4:10  Drone x2  
  50  4:11  Drone x2  
  50  4:16  Queen  
  56  4:18  Queen  
  56  4:22  Overlord  
  58  4:27  Drone  
  58  4:28  Drone x2  
  61  4:33  Queen  
  61  4:36  Overlord  
  63  4:40  Spore Crawler x2  
  63  4:41  Spore Crawler  
  63  4:42  Drone  
  63  4:43  Drone  
  62  4:48  Overlord  
  62  4:52  Drone  
  62  4:55  Overlord, Drone  
  62  4:57  Overlord  
  62  4:58  Zergling x4  
  62  4:59  Zergling x2  
  66  5:05  Zergling x4  
  67  5:07  Lair  
  67  5:11  Baneling Nest  
  66  5:15  Zergling x6  
  66  5:17  Overlord, Drone x2  
  66  5:19  Drone  
  66  5:21  Drone x2  
  74  5:22  Drone  
  74  5:24  Drone  
  74  5:27  Overlord, Zergling x2  
  76  5:29  Drone  
  76  5:31  Drone  
  76  5:33  Overlord  
  76  5:35  Extractor  
  77  5:41  Overlord, Extractor, Drone x2  
  77  5:42  Extractor, Drone  
  78  5:43  Drone  
  78  5:46  Drone x3  
  78  5:48  Overlord  
  82  5:50  Drone  
  82  5:51  Drone  
  82  5:52  Drone  
  82  5:53  Drone  
  82  5:56  Extractor  
  85  5:59  Evolution Chamber, Drone  
  85  6:00  Evolution Chamber  
  84  6:06  Centrifical Hooks  
  83  6:11  Overseer  
  83  6:13  Drone x2  
  83  6:16  Zergling x2  
  83  6:17  Zergling x18  
  90  6:26  Hatchery  
  90  6:31  Drone  
  91  6:32  Hatchery  
  91  6:34  Overlord  
  91  6:35  Zergling x4  
  91  6:38  Zergling x4  
  94  6:41  Drone x2  
  94  6:43  Zerg Melee Weapons Level 1, Zerg Ground Armor Level 1  
  94  6:45  Drone  
  97  6:48  Burrow  
  97  6:50  Zergling x4  
  97  6:52  Zergling x2  
  100  6:56  Zergling x2  
  100  6:59  Drone  
  100  7:00  Zergling x4  
  104  7:01  Zergling x2  
  104  7:02  Zergling x2  
  104  7:04  Spore Crawler  
  104  7:05  Overlord  
  104  7:06  Spore Crawler, Zergling x2  
  104  7:07  Baneling x3  
  104  7:08  Baneling x2  
  105  7:09  Baneling  
  105  7:14  Baneling  
  105  7:15  Baneling x2  
  105  7:16  Overlord  
  105  7:17  Drone  
  105  7:18  Drone  
  105  7:19  Drone x3  
  105  7:22  Zergling x4  
  112  7:24  Overlord  
  112  7:26  Zergling x4  
  112  7:29  Baneling x2  
  112  7:38  Zergling x8  
  112  7:41  Overlord  
  112  7:42  Zergling x4  
  112  7:44  Zergling x2  
  119  7:45  Drone  
  119  7:51  Zergling x4  
  122  7:53  Baneling x7  
  122  7:55  Zergling x8  
  124  7:59  Zergling x4  
  126  8:06  Zergling x6  
  126  8:10  Baneling x3  
  126  8:11  Zergling x2  
  130  8:19  Zergling x4  
  131  8:20  Zergling x2  
  131  8:21  Zergling x4  
  131  8:22  Zergling x4  
  129  8:28  Drone x2  
  129  8:30  Drone x2  
  129  8:31  Drone  
  120  8:36  Infestation Pit, Hatchery  
  120  8:40  Drone x5  
  120  8:41  Zergling x4  
  120  8:42  Drone  
  120  8:48  Zergling x4  
  121  8:55  Zergling x10  
  106  9:00  Zergling x2  
  106  9:01  Zergling x6  
  104  9:04  Zergling x8  
  104  9:05  Baneling x2  
  104  9:06  Baneling, Zerg Melee Weapons Level 2  
  104  9:07  Zerg Ground Armor Level 2  
  104  9:08  Zergling x2  
  109  9:13  Drone  
  109  9:14  Overlord  
  109  9:15  Zergling x2  
  111  9:20  Zergling x2  
  111  9:21  Baneling x9  
  111  9:22  Hatchery  
  111  9:25  Zergling x6  
  111  9:26  Hive  
  111  9:28  Zergling x2  
  115  9:32  Zergling x4  
  115  9:33  Zergling x4  
  115  9:34  Baneling x8  
  118  9:39  Zergling x2  
  118  9:40  Extractor, Zergling x20  
  128  9:47  Zergling x2  
  128  9:49  Zergling x2  
  128  9:55  Overlord  
  128  9:56  Zergling x2  
  128  9:59  Drone  
  129  10:02  Zergling x2  
  129  10:04  Zergling x2  
  129  10:05  Zergling x4  
  131  10:09  Zergling x4  
  131  10:12  Hatchery  
  131  10:15  Zergling x6  
  131  10:17  Zergling x2  
  131  10:21  Zergling x10  
  138  10:23  Zergling x2  
  138  10:24  Zergling x6  
  138  10:26  Baneling x8  
  138  10:27  Baneling x5, Zergling x2  
  133  10:31  Zergling x2  
  133  10:32  Zergling x2  
  133  10:33  Zergling x6  
  133  10:34  Zergling x2  
  133  10:35  Zergling x4  
  140  10:36  Zergling x2  
  140  10:37  Baneling  
  140  10:38  Baneling x4  
  140  10:40  Hatchery  
  139  10:43  Baneling x3  
  139  10:44  Zergling x6  
  139  10:47  Zergling x2  
  139  10:48  Zergling x6, Adrenal Glands  
  146  10:53  Baneling x3  
  146  10:54  Ultralisk Cavern  
  146  10:56  Zergling x6  
  148  11:00  Baneling x2  
  148  11:01  Baneling x4, Zergling x4  
  148  11:02  Zergling x6  
  148  11:03  Baneling  
  148  11:04  Zergling x6  
  155  11:05  Baneling x3  
  155  11:08  Overlord  
  155  11:10  Zergling x4  
  158  11:16  Zergling x2  
  158  11:17  Zergling x6  
  158  11:18  Zergling x6  
  163  11:22  Baneling x4  
  163  11:23  Baneling  
  163  11:24  Zergling x4  
  165  11:27  Zerg Ground Armor Level 3, Zerg Melee Weapons Level 3  
  165  11:28  Drone  
  165  11:29  Drone x2  
  165  11:32  Spire  
  167  11:38  Zergling x12  
  167  11:39  Zergling x12  
  146  11:41  Overseer x2  
  137  11:47  Zergling x2  
  137  11:48  Zergling x6  
  137  11:52  Ultralisk  
  136  11:58  Ultralisk  
  122  12:11  Ultralisk x2  
  122  12:12  Zergling x4  
  122  12:14  Zergling x4  
  129  12:16  Baneling  
  129  12:17  Baneling x6  
  129  12:19  Chitinous Plating  
  129  12:24  Baneling  
  129  12:25  Baneling x2, Zergling x2  
  129  12:26  Zergling x10  
  129  12:27  Zergling x2  
  129  12:29  Baneling x3  
  136  12:31  Zergling x4  
  136  12:32  Zergling x4  
  140  12:39  Zergling x6  
  140  12:40  Zergling x8  
  140  12:41  Zergling x4  
  140  12:42  Zergling x4  
  151  12:44  Zergling x2  
  133  12:58  Zergling x4  
  133  13:00  Zergling x28  
  133  13:01  Zergling x2  
  140  13:06  Corruptor  
  140  13:12  Baneling x6  
  136  13:13  Baneling x2, Corruptor  
  136  13:14  Zergling x4  
  136  13:15  Zergling x2  
  135  13:23  Zergling x8  
  135  13:24  Zergling x2  
  132  13:28  Zergling x4  
  132  13:34  Ultralisk  
  135  13:35  Zergling x2  
  135  13:36  Zergling x2  
  135  13:40  Zergling x6  
  107  13:46  Baneling  
  107  13:47  Baneling x7  
  107  13:48  Zergling x2  
  107  13:49  Zergling x6  
  107  13:51  Baneling x3  
  111  13:58  Zergling x2  
  111  13:59  Zergling x6  
  111  14:02  Ultralisk  
  111  14:04  Zergling x2  
  111  14:07  Zergling x2  
  111  14:08  Zergling x6  
  107  14:11  Zergling x6  
  107  14:13  Zergling x4  
Show
View Real Time Build Order
Export as new Build Order

MaSa Terran - Winner!

Build Orders: Banshee Rush 

Get SALT Encoding   

  12  0:01  SCV  
  13  0:13  SCV  
  14  0:18  Supply Depot  
  14  0:25  SCV  
  15  0:39  SCV  
  15  0:40  Barracks  
  16  0:45  Refinery  
  16  0:51  SCV  
  17  1:03  SCV  
  18  1:16  SCV  
  19  1:27  Barracks Reactor  
  19  1:28  Orbital Command  
  19  1:43  Command Center  
  19  1:55  Supply Depot  
  18  2:03  Bunker  
  18  2:04  Marine  
  18  2:06  Marine  
  20  2:09  SCV  
  21  2:20  Factory  
  21  2:22  Marine  
  21  2:26  Marine  
  21  2:28  SCV  
  24  2:44  Marine x2  
  24  2:47  SCV  
  27  2:52  Refinery  
  27  3:04  SCV  
  29  3:12  Starport  
  29  3:13  Orbital Command  
  29  3:16  SCV, Hellion  
  31  3:24  Barracks Tech Lab  
  31  3:28  SCV  
  32  3:40  SCV x2  
  34  3:50  Barracks Tech Lab  
  34  3:52  SCV x2  
  36  3:58  Banshee, Cloaking Field  
  36  3:59  Hellion  
  41  4:04  SCV x2, Supply Depot  
  43  4:11  Stimpack, Marine  
  43  4:16  SCV  
  43  4:17  SCV  
  46  4:27  Command Center  
  46  4:30  Supply Depot  
  46  4:31  SCV  
  46  4:35  SCV  
  48  4:40  Banshee  
  48  4:41  Factory Reactor  
  48  4:43  SCV  
  52  4:48  SCV  
  52  4:52  Barracks  
  53  4:56  SCV  
  53  4:57  Barracks  
  54  5:00  SCV  
  55  5:08  SCV, Supply Depot  
  55  5:09  Supply Depot  
  55  5:13  SCV  
  57  5:18  Engineering Bay  
  57  5:19  Engineering Bay  
  57  5:20  SCV  
  58  5:22  Marine  
  58  5:25  SCV  
  60  5:33  SCV  
  61  5:36  Starport Reactor, Siege Tank  
  61  5:38  SCV  
  61  5:40  Refinery x2  
  65  5:44  Orbital Command  
  65  5:45  SCV  
  66  5:50  Terran Infantry Weapons Level 1, SCV, Terran Infantry Armor Level 1  
  66  5:52  Marine  
  66  5:53  Marine  
  69  5:57  SCV  
  69  6:00  Marine  
  69  6:01  Marine  
  69  6:03  Supply Depot  
  73  6:04  SCV, Marine  
  73  6:10  SCV, Marine  
  76  6:15  Marine  
  76  6:16  Orbital Command, Siege Tank  
  80  6:18  Marine  
  80  6:19  Marine  
  80  6:22  Medivac  
  84  6:26  Medivac  
  84  6:29  SCV x2  
  88  6:39  Barracks  
  88  6:40  Barracks  
  88  6:41  SCV  
  88  6:43  SCV x2  
  88  6:46  Marine x2  
  88  6:47  Supply Depot, Marine x2  
  92  6:51  Marine  
  96  6:54  Combat Shield  
  96  6:56  SCV  
  96  6:59  Factory Reactor  
  97  7:03  SCV x2  
  97  7:04  Marine x2  
  101  7:08  Marine x2  
  101  7:09  Marine  
  101  7:10  Supply Depot  
  101  7:13  Supply Depot  
  104  7:16  Medivac x2  
  104  7:17  SCV  
  109  7:31  SCV x3, Marine x4  
  109  7:35  Marine  
  118  7:41  Barracks Reactor x2  
  118  7:42  Armory, Supply Depot  
  118  7:43  SCV x2  
  108  7:45  SCV, Supply Depot  
  108  7:46  Medivac x2  
  108  7:47  Supply Depot  
  108  7:49  Marine x4  
  117  7:53  Marine  
  117  8:00  SCV x2  
  117  8:03  SCV  
  120  8:06  Marine x3  
  120  8:08  Marine  
  120  8:09  Widow Mine x2  
  120  8:10  Marine  
  120  8:12  SCV x2  
  131  8:15  Factory  
  131  8:17  Marine  
  131  8:18  Marine x2  
  131  8:19  SCV  
  135  8:24  SCV x2, Marine  
  135  8:27  Command Center  
  137  8:28  Marine x2, Refinery  
  137  8:33  Marine x3  
  123  8:35  Marine  
  123  8:37  Medivac  
  123  8:39  Medivac  
  123  8:41  SCV x2  
  125  8:46  Marine x3  
  129  8:51  Marine  
  129  8:52  Marine x4  
  129  8:53  Marine  
  121  8:58  SCV  
  121  8:59  Terran Infantry Armor Level 2  
  121  9:04  Marine x3  
  121  9:05  Drilling Claws, Widow Mine x2  
  121  9:06  Concussive Shells  
  121  9:07  Medivac  
  121  9:09  Medivac, Marine  
  133  9:14  Terran Infantry Weapons Level 2  
  133  9:16  Refinery  
  133  9:17  Supply Depot  
  133  9:22  Widow Mine  
  135  9:29  Marine x2  
  135  9:30  Marine x4  
  141  9:31  Marine x3  
  141  9:35  Supply Depot  
  141  9:37  Medivac, Supply Depot  
  136  9:41  Terran Vehicle And Ship Armor Level 1  
  136  9:47  Marine x4, Barracks x2  
  136  9:50  Marauder  
  142  9:54  Barracks  
  142  9:57  Marine x4  
  144  10:01  Widow Mine x2  
  144  10:02  Widow Mine  
  144  10:05  Marine x3  
  153  10:11  Marauder  
  153  10:12  Orbital Command  
  155  10:14  Sensor Tower  
  155  10:15  Marine x2  
  155  10:17  Medivac  
  158  10:23  Widow Mine  
  158  10:24  Liberator  
  158  10:25  Marine x2  
  154  10:32  Marauder  
  154  10:33  Marine x5  
  154  10:34  Marine  
  166  10:43  Marine x2  
  166  10:47  Medivac  
  166  10:49  Barracks Tech Lab x3  
  168  10:51  Marine x3  
  168  10:53  Command Center  
  168  10:54  Marauder  
  173  11:02  Marine x5  
  173  11:03  Widow Mine  
  180  11:07  Supply Depot  
  180  11:11  Liberator  
  180  11:22  Supply Depot  
  180  11:23  Supply Depot  
  180  11:26  Liberator  
  180  11:28  Marine  
  180  11:29  Marauder, Widow Mine  
  188  11:34  Marine x3  
  188  11:35  Marauder x2, Marine  
  188  11:36  Marine  
  188  11:37  Widow Mine, Marine x2  
  188  11:38  Marauder  
  187  11:45  Widow Mine  
  187  11:46  Marine  
  177  11:49  Marine  
  177  11:50  Widow Mine  
  177  11:52  Marine x4  
  177  11:53  Marine  
  170  11:54  Marine x2  
  170  11:56  Marine x2  
  170  11:58  Widow Mine  
  170  12:00  Marauder  
  178  12:04  Marine  
  178  12:06  Widow Mine  
  178  12:07  SCV x2, Marine  
  153  12:10  SCV, Marine x4  
  153  12:11  Widow Mine, Marine  
  153  12:12  Liberator, Marine x2  
  153  12:14  Marauder  
  153  12:15  Marauder  
  155  12:17  Liberator  
  155  12:19  SCV x2  
  155  12:21  Marauder, SCV  
  155  12:22  SCV, Marine  
  162  12:26  Marauder  
  162  12:27  Marine  
  162  12:28  Marine  
  169  12:35  SCV, Marine x2  
  169  12:36  Marauder, SCV  
  178  12:38  SCV  
  179  12:45  Marine  
  179  12:46  Marauder, Marine x2  
  179  12:49  Marine x4  
  179  12:50  Marauder, Widow Mine x2  
  185  12:54  Liberator  
  185  12:55  SCV, Marine x2  
  185  12:57  Marauder  
  179  13:00  SCV, Liberator  
  179  13:03  Marine  
  179  13:05  Marine x2  
  179  13:07  SCV x2, Marauder, Marine  
  179  13:08  Widow Mine  
  179  13:12  Marine  
  193  13:13  Marauder  
  163  13:37  Marauder, Liberator, Marine x8  
  163  13:38  Marine x3  
  163  13:39  SCV  
  171  13:46  Widow Mine x2  
  175  13:49  Planetary Fortress, SCV x3  
  175  13:51  SCV  
  175  13:54  Marine x2  
  175  13:55  Marine x4  
  188  13:56  Marauder  
  188  14:00  Marauder, Marine x2  
  196  14:03  Marine  
  196  14:04  Marauder  
  177  14:12  Marine x3  
  177  14:13  Marine x2  
  177  14:16  Marine  
  181  14:17  Marauder, Marine  
  181  14:21  Marine  
  181  14:22  Marine  
  181  14:23  SCV  
  170  14:27  SCV  
Tags
 
Add a new tag
Caveats
  • Supply blocks, unpowered buildings, or Contaminate may cause inaccurate times.
  • Supply counts are checked every 10 seconds.